 Dungeon Crawl Stone Soup version 0.31-a0-889-g1a8549509d (webtiles) character file.

Game seed: 10054185684828762311

259 Azuregosa the Mimic (level 6, -4/38 HPs)
             Began as an Octopode Shapeshifter on Oct 16, 2023.
             Slain by an orc
             ... wielding a +2 hand axe of venom
              (5 damage)
             ... on level 3 of the Dungeon.
             The game lasted 00:07:45 (2043 turns).

Azuregosa the Mimic (Octopode Shapeshifter)         Turns: 2043, Time: 00:07:46

Health: -4/38      AC:  1    Str: 14    XL:     6   Next: 17%
Magic:  0/6        EV: 13    Int: 12    God:
Gold:   113        SH:  0    Dex: 13    Spells: 5/5 levels left

rFire   . .          .
                       - Unarmed
rCold   . . .        (no shield)
rNeg    . . .        (helmet currently unavailable)
rPois   +            k - amulet of guardian spirit
rElec   .            d - ring of poison resistance
rCorr   .            (no ring)
SInv    .            (no ring)
Will    .....        (no ring)
Stlth   ++           (no ring)
HPRegen 0.26/turn    (no ring)
MPRegen 0.10/turn    (no ring)
                     (no ring)

%: guardian spirit
@: beast-form
A: beast (slay +4), almost no armour, amphibious, 8 rings, camouflage 1,
gelatinous body 1, (nimble swimmer 1), tentacles
a: Begin Untransformation


You were on level 3 of the Dungeon.
You were a hulking beast.
You visited 1 branch of the dungeon, and saw 4 of its levels.

You collected 113 gold pieces.

Inventory:

Hand Weapons
 l - a +2 dagger of venom
Missiles
 o - 10 stones
Magical Staves
 j - a staff of death
 p - a staff of poison
Jewellery
 d - a ring of poison resistance (left tentacle)
 k - an amulet of guardian spirit (around mantle)
Talismans
 b - a beast talisman (active)
 c - a flux talisman
Scrolls
 e - a scroll of noise {unknown}
 h - 4 scrolls of enchant weapon {unknown}
 m - 2 scrolls of identify {unknown}
 n - a scroll of immolation {unknown}
Potions
 a - a potion of lignification
 g - a potion of enlightenment {unknown}
 i - a potion of mutation {unknown}
 q - a potion of heal wounds {unknown}
 r - a potion of might {unknown}


   Skills:
 - Level 1.0 Fighting
 - Level 2.0 Dodging
 - Level 3.0 Unarmed Combat
 + Level 12.2 Shapeshifting


You had 5 spell levels left.
You didn't know any spells.
Your spell library contained the following spells:

 Spells                   Type           Power      Damage    Failure   Level
 Magic Dart               Conj           0%         1d3       32%         1
 Searing Ray              Conj           0%         2d4       45%         2
 Gell's Gravitas          Tloc           0%         N/A       69%         3
 Ignite Poison            Fire/Tmut/Pois 0%         N/A       69%         3
 Teleport Other           Tloc           0%         N/A       69%         3
 Fulminant Prism          Conj/Hex       0%         3d5       97%         4
 Sticky Flame             Conj/Fire      0%         2d3       97%         4
 Dispersal                Tloc           0%         N/A       100%        6
 Ignition                 Fire           0%         3d3       100%        8


Dungeon Overview and Level Annotations

Branches:
Dungeon (4/15)
 Temple: D:4-7

Altars:

Annotations:
D:3 Grinder


Innate Abilities, Weirdness & Mutations

You are a hulking beast.
Your limbs bulge with bestial killing power. (Slay +4)
You cannot wear most types of armour.
You are amphibious.
You can wear up to eight rings at the same time.
Your skin changes colour to match your surroundings (Stealth+).
Your rubbery body absorbs attacks. (AC +1, EV +1)
((You are camouflaged when in or above water. (Stealth+)))
You have tentacles for arms and can constrict up to eight enemies at once.


Message History

Magic restored.
You start resting.
An orc is nearby!
An orc wizard comes into view. It is wielding a +2 dagger of venom.
The orc shouts! x2; You hear a shout!
An orc comes into view. It is wielding a +2 hand axe of venom.
The orc hits you with a +0 club.
You bludgeon the orc!
You kill the orc!
You tentacle-slap the orc. You grab the orc. You squeeze the orc.
You kill the orc!
You closely miss the orc wizard. Your grab misses the orc wizard.
The orc wizard points at you and mumbles some strange words.
The puff of flame hits you!
* * * LOW HITPOINT WARNING * * *
The orc hits you with a +2 hand axe of venom.
* * * LOW HITPOINT WARNING * * *
You tentacle-slap the orc wizard. Your grab misses the orc wizard.
You squeeze the orc wizard.
The orc wizard is severely wounded.
The orc wizard misses you.
The orc hits you with a +2 hand axe of venom.
* * * LOW HITPOINT WARNING * * *
You tentacle-slap the orc wizard but do no damage.
You grab the orc wizard.
The orc wizard is severely wounded.
You constrict the orc wizard.
The orc wizard hits you with a +2 dagger of venom.
* * * LOW HITPOINT WARNING * * *
The orc hits you with a +2 hand axe of venom.
It was a potion of experience.
You feel more experienced!
Your Shapeshifting skill gained 7 levels and is now at level 12!
You have reached level 6!
You constrict the orc wizard.
The orc wizard casts a spell.
The orc wizard flickers and vanishes!
Deactivating autopickup; reactivate with Ctrl-A.
The orc hits you with a +2 hand axe of venom.
You die...

#... #..# #..#
#..# #..# #..#
#..#
#.o###########
#.{h..........
#.###########.
#)# #.# #.#
#.# #.# #.#
#.#


You could see an orc.

Vanquished Creatures
  An orc wizard (D:3)
  4 adders
  A worm (D:2)
  2 dart slugs
  2 orcs (D:3)
  5 ball pythons
  3 bats
  7 endoplasms
  3 giant cockroaches
  3 goblins
  5 hobgoblins
  4 jackals (D:2)
  4 kobolds
  4 quokkas
  3 frilled lizards
  10 rats
61 creatures vanquished.

Notes
Turn   | Place    | Note
-------+----------+-------------------------------------------
     0 | D:1      | Azuregosa the Octopode Shapeshifter began the quest for the
                  | Orb.
     0 | D:1      | Reached XP level 1. HP: 13/13 MP: 1/1
    41 | D:1      | Reached XP level 2. HP: 8/18 MP: 2/2
   182 | D:1      | Reached XP level 3. HP: 4/23 MP: 3/3
   187 | D:1      | Reached skill level 4 in Shapeshifting
   724 | D:2      | Reached XP level 4. HP: 26/28 MP: 4/4
  1699 | D:3      | Noticed Grinder
  1873 | D:4      | Reached skill level 5 in Shapeshifting
  1917 | D:4      | Noticed an ogre
  1988 | D:3      | Reached XP level 5. HP: 7/33 MP: 1/5
  2042 | D:3      | HP: 1/33 [orc wizard/+2 dagger of venom (3)]
  2043 | D:3      | Reached skill level 12 in Shapeshifting
  2043 | D:3      | Reached XP level 6. HP: 1/38 MP: 0/6
  2043 | D:3      | Slain by an orc

Illustrated notes

Levels and vault maps discovered:
D:1:      giann_forest_graveyard, layout_rooms
D:2:      layout_rooms, minmay_misc_feat_cross, minmay_pentomino_x2
D:3:      layout_basic, marbit_many_paths,
          hellmonk_ecumenical_altar_watching_god, uniq_grinder
D:4:      layout_cave_pods, grunt_decor_arrowhead, item_on_display_a, uniq_ijyb

Skill      XL: |  1  2  3  4  5 |
---------------+----------------+-----
Shapeshifting  | 4 5 12 | 12.2
Fighting       | |  1.0
Dodging        | |  2.0
Unarmed Combat | |  3.0

Action                     |  1- 3 |  4- 6 || total
---------------------------+-------+-------++-------
  Melee: Unarmed           |    59 |    67 ||   126
         Constrict         |    10 |    17 ||    27
         Tentacles         |     8 |    13 ||    21
         Punch             |     2 |     5 ||     7
    Use: Potion            |       |     1 ||     1
   Stab: Sleeping          |     3 |     3 ||     6
         Distracted        |       |     1 ||     1
 Armour: Skin              |    16 |    28 ||    44
  Dodge: Dodged            |    22 |    36 ||    58

Table legend: (Time is in decaauts)
 A = Elapsed time spent in this place.
 B = Non-inter-level travel time spent in this place.
 C = Inter-level travel time spent in this place.
 D = Time resting spent in this place.
 E = Time spent auto-exploring this place.
 F = Levels seen in this place.
 G = Mean time per level.
                   A        B        C        D        E       F      G
               +--------+--------+--------+--------+--------+-----+--------+
         Total |   2034 |   2034 |      0 |    549 |    824 |   4 |  508.5 |
       Dungeon |   2034 |   2034 |      0 |    549 |    824 |   4 |  508.5 |
               +--------+--------+--------+--------+--------+-----+--------+

Top non-repeatable levels by time:
     D:2: 967 daAuts
     D:1: 653 daAuts
     D:4: 224 daAuts
     D:3: 189 daAuts
